 Dungeon Crawl Stone Soup version 0.31-a0-851-g7ff8af7976 (webtiles) character file.

Game seed: 12710619885504060831

70 Dirtsage the Chopper (level 4, 21/35 HPs)
             Began as a Demonspawn Berserker on Oct 5, 2023.
             Was a Believer of Trog.
             Quit the game on level 2 of the Dungeon on Oct 6, 2023.
             The game lasted 00:02:22 (651 turns).

Dirtsage the Chopper (Demonspawn Berserker)          Turns: 651, Time: 00:02:22

Health: 21/35      AC:  8    Str: 19    XL:     4   Next: 4%
Magic:  4/4        EV:  8    Int:  8    God:    Trog [**....]
Gold:   33         SH:  4    Dex: 13    Spells: 3/3 levels left

rFire   . . .        a - +0 hand axe
rCold   . . .        (no shield)
rNeg    . . .        c - +0 chain mail
rPois   .            (no helmet)
rElec   .            (no cloak)
rCorr   .            (no gloves)
SInv    .            (no boots)
Will    .....        (no amulet) Stlth
                     (no ring)
HPRegen 0.25/turn    (no ring)
MPRegen 0.09/turn

%: no passive effects
@: on berserk cooldown, slowed, very slow
A: foul stench 1, condensation shield
a: Renounce Religion, Berserk, Trog's Hand


You were on level 2 of the Dungeon.
You worshipped Trog.
Trog was pleased with you.
You visited 1 branch of the dungeon, and saw 2 of its levels.

You collected 33 gold pieces.

Inventory:

Hand Weapons
 a - a +0 hand axe (weapon)
Armour
 b - a +0 animal skin
 c - a +0 chain mail (worn)
Jewellery
 i - the ring of Attitude {Ice rPois Int+4 SInv}
   (You found it on level 2 of the Dungeon)

   [ring of ice]

   Ice:       It enhances your ice magic.
   Int+4:     It affects your intelligence (+4).
   rF-:       It makes you vulnerable to fire.
   rC+:       It protects you from cold.
   rPois:     It protects you from poison SInv: It lets you see invisible.
Scrolls
 d - a scroll of teleportation {unknown}
 e - a scroll of amnesia {unknown}
 g - 2 scrolls of identify {unknown}
 h - 2 scrolls of fog {unknown}
Potions
 f - a potion of curing {unknown}


   Skills:
 - Level 3.0 Fighting
 + Level 4.5 Axes
 - Level 1.7 Armour
 - Level 1.7 Dodging


You had 3 spell levels left.
You didn't know any spells.
Your spell library was empty.

Dungeon Overview and Level Annotations

Branches:
Dungeon (2/15)

Altars:


Innate Abilities, Weirdness & Mutations

You may rarely emit foul miasma when damaged in melee.
A meltable shield of frost defends you. (SH +4)


Message History

You kill the kobold!
Trog accepts your kill.
You slash Terence!
Terence is heavily wounded.
Terence is engulfed in dark miasma.
Terence looks even sicker.
Terence seems to slow down.
Terence hits you with a +0 mace!
You take 7 damage, and have 24/43 hp.
You are too injured to fight recklessly!
You are too injured to fight recklessly!
You slash Terence!
You feel the power of Trog in you as your rage grows.
You kill Terence!
Trog accepts your kill.
You have reached level 4!
You feel agile.
Your demonic ancestry asserts itself...
Frost condenses into a shield before you.
You regained 5 hp, and now have 29/52 hp.
MP restored: 4 You slash the giant cockroach!
You kill the giant cockroach!
Trog accepts your kill.
You hit the quokka but do no damage. The quokka closely misses you.
You closely miss the quokka.
The quokka bites you but does no damage.
You barely miss the quokka. The quokka barely misses you.
You closely miss the quokka. The quokka barely misses you.
You closely miss the quokka. Your punch misses the quokka.
You slash the quokka!
You kill the quokka!
Trog accepts your kill.
Unknown command.
Calm down first, please.
You start resting.
You feel a strong urge to attack something.
You start resting.
You are no longer berserk.
You are exhausted.
You feel yourself slow down.
You now have 21/35 hp.
Are you sure you want to abandon this character and quit the game? (Confirm with "yes".)

... ... # #####..
#.#.....#
#.#.....#
#....$..# #..).)#
#...@.#
###########.###
>....^...##.# #.
#######...#.# #.#
#...#.# #.#
####...#.##
#.######.........#
#.##........>....#
#.##.###.........#


There were no monsters in sight!

Vanquished Creatures
  Terence (D:2)
  An adder (D:2)
  2 ball pythons (D:1)
  3 bats (D:1)
  4 giant cockroaches
  3 goblins (D:1)
  3 hobgoblins (D:1)
  3 jackals (D:1)
  6 kobolds
  2 quokkas
  3 frilled lizards
  A rat (D:2)
32 creatures vanquished.

Notes
Turn   | Place    | Note
-------+----------+-------------------------------------------
     0 | D:1      | Dirtsage the Demonspawn Berserker began the quest for the
                  | Orb.
     0 | D:1      | Reached XP level 1. HP: 18/18 MP: 1/1
    62 | D:1      | Reached skill level 3 in Axes
   109 | D:1      | Gained mutation: You may rarely emit foul miasma when
                  | damaged in melee. [demonic ancestry]
   109 | D:1      | Reached XP level 2. HP: 22/24 MP: 2/2
   372 | D:1      | Reached ** piety under Trog
   461 | D:1      | Reached XP level 3. HP: 29/29 MP: 3/3
   616 | D:2      | Identified the ring of Attitude {Ice rPois Int+4 SInv}
   630 | D:2      | Noticed Terence
   638 | D:2      | Reached skill level 4 in Axes
   641 | D:2      | Killed Terence
   642 | D:2      | Gained mutation: A meltable shield of frost defends you.
                  | (SH +4) [demonic ancestry]
   642 | D:2      | Reached XP level 4. HP: 29/35 MP: 4/4
   651 | D:2      | Quit the game

Illustrated notes

Levels and vault maps discovered:
D:1:      dpeg_arrival_fog, layout_rooms
D:2:      wad_lake_hut, layout_loops_ring, uniq_terence

Skill      XL: |  1  2  3 |
---------------+----------+-----
Axes           | 3 4 |  4.5
Fighting       | |  3.0
Armour         | |  1.7
Dodging        | |  1.7

Action                     |  1- 3 |  4- 6 || total
---------------------------+-------+-------++-------
  Melee: Hand axe          |   106 |     6 ||   112
         Punch             |     4 |       ||     4
 Invoke: Berserk           |     1 |       ||     1
 Armour: Chain mail        |   100 |     1 ||   101
         Animal skin       |     1 |       ||     1
  Dodge: Dodged            |    44 |     3 ||    47

Table legend: (Time is in decaauts)
 A = Elapsed time spent in this place.
 B = Non-inter-level travel time spent in this place.
 C = Inter-level travel time spent in this place.
 D = Time resting spent in this place.
 E = Time spent auto-exploring this place.
 F = Levels seen in this place.
 G = Mean time per level.
                   A        B        C        D        E       F      G
               +--------+--------+--------+--------+--------+-----+--------+
         Total |    659 |    645 |     14 |      1 |    438 |   2 |  329.5 |
       Dungeon |    659 |    645 |     14 |      1 |    438 |   2 |  329.5 |
               +--------+--------+--------+--------+--------+-----+--------+

Top non-repeatable levels by time:
     D:1: 597 daAuts
     D:2: 61 daAuts
